 Dungeon Crawl Stone Soup version 0.23-a0-405-g368ce00 (webtiles) character file.

140 MisterFreud the Sneak (level 5, -7/36 HPs)
             Began as an Octopode Monk on Nov 6, 2018.
             Killed by divine providence
             ... invoked by an orc priest
              (12 damage)
             ... on level 3 of the Dungeon.
             The game lasted 00:03:30 (2378 turns).

MisterFreud the Sneak (Octopode Monk)               Turns: 2378, Time: 00:03:31

Health: -7/36      AC:  1    Str: 10    XL:     5   Next: 22%
Magic:  6/14       EV: 15    Int: 14    God:
Gold:   76         SH:  0    Dex: 14    Spells: 4/4 levels left

rFire    . . .     SeeInvis .   b - +2 halberd (freeze)
rCold    . . .     Gourm    .   (shield currently unavailable)
rNeg     . . .     Faith    .   (helmet restricted)
rPois    .         Spirit   .   (no amulet)
rElec    .         Reflect  .   q - ring of magical power
rCorr    .         Harm     .   (no ring)
MR       .....                  (no ring)
Stlth    ++++......             (no ring)
HPRegen  0.12/turn              (no ring)
MPRegen  0.14/turn              (no ring)
                                (no ring)
                                (no ring)

@: no status effects
A: almost no armour, stealthy swim, amphibious, 8 rings, constrict 8, camouflage
1, gelatinous body 1
a: no special abilities


You were on level 3 of the Dungeon.
You were not hungry.

You visited 1 branch of the dungeon, and saw 3 of its levels.

You collected 76 gold pieces.

Inventory:

Hand Weapons
 a - a +1 falchion
 b - a +2 halberd of freezing (weapon)
Jewellery
 q - a ring of magical power (left tentacle)
Scrolls
 c - a scroll of enchant weapon
 e - a scroll of teleportation
 h - 2 scrolls of identify {unknown}
 i - 2 scrolls of remove curse {unknown}
 k - a scroll of immolation {unknown}
 l - a scroll of magic mapping {unknown}
 p - a scroll of fear {unknown}
Potions
 d - a potion of brilliance {unknown}
 f - a potion of heal wounds {unknown}
 g - a potion of lignification {unknown}
 j - 2 potions of curing {unknown}
 m - a potion of agility {unknown}
 n - a potion of mutation {unknown}
 o - a potion of might {unknown}


   Skills:
 - Level 3.0 Fighting
 - Level 3.0 Long Blades
 * Level 1.4 Polearms
 + Level 3.9 Dodging
 - Level 6.0 Stealth


You had 4 spell levels left.
You didn't know any spells.
Your spell library was empty.

Dungeon Overview and Level Annotations

Branches:
Dungeon (3/15)

Altars:
Dithmenos

Annotations:
D:3 Robin


Innate Abilities, Weirdness & Mutations

You cannot wear most types of armour.
You are very stealthy in the water. (Stealth+)
You are amphibious.
You can wear up to eight rings at the same time.
You can use your tentacles to constrict eight enemies at once.
Your skin changes colour to match your surroundings (Stealth+).
Your rubbery body absorbs attacks. (AC +1, EV +1)


Message History

The goblin hits you but does no damage. The goblin hits you with a +0 dagger.
The goblin barely misses you.
You barely miss the goblin. You grab the goblin.
The goblin is severely wounded.
You constrict the goblin.
You kill the goblin!
The goblin hits you with a +0 dagger.
You barely miss the goblin. You grab the goblin. You constrict the goblin.
The goblin hits you with a +0 dagger. x2
You barely miss the goblin.
The goblin is severely wounded.
You constrict the goblin.
You kill the goblin!
An orc comes into view. It is wielding a +0 club.
The orc priest mumbles some strange prayers to Beogh against you.
Beogh smites you!
* * * LOW HITPOINT WARNING * * *
The orc priest invokes the aid of Beogh against you.
Beogh smites you!
You die...

#.....# ## #.###.# # #.#
#.# # #.###.# ## #.....#
##. #.##### ##.. #.....#
##...
...###########...####....
.oggggg.@...........+.>..
.gog#######.........#....
# #.###..##.##... #.#
##.##.###.. #.# ##.##.#
##. #.# #..##.# ## #.#
#.###.# # #.# #.# #.#####
#.###.###......


You could see an orc priest, an orc, 2 hobgoblins and 5 goblins.

Vanquished Creatures
  4 gnolls
  6 adders
  A leopard gecko (D:3)
  9 bats
  9 goblins
  5 hobgoblins
  6 ball pythons (D:2)
  A frilled lizard (D:1)
  4 kobolds
  5 rats
50 creatures vanquished.

Notes
Turn   | Place    | Note
-------+----------+-------------------------------------------
     0 | D:1      | MisterFreud the Octopode Monk began the quest for the Orb.
     0 | D:1      | Reached XP level 1. HP: 16/16 MP: 1/1
    49 | D:1      | Reached skill level 3 in Stealth
   195 | D:1      | Reached XP level 2. HP: 21/21 MP: 2/2
   201 | D:1      | Reached skill level 4 in Stealth
   321 | D:1      | Reached XP level 3. HP: 11/26 MP: 3/3
   590 | D:1      | Reached skill level 5 in Stealth
   839 | D:2      | Found a shadowy altar of Dithmenos.
  1288 | D:2      | Reached XP level 4. HP: 27/31 MP: 4/4
  1311 | D:2      | Reached skill level 6 in Stealth
  1958 | D:2      | Reached XP level 5. HP: 31/36 MP: 5/5
  2050 | D:2      | Reached skill level 1 in Polearms
  2371 | D:3      | Noticed Robin
  2378 | D:3      | Killed from afar by an orc priest

Vault maps used:
D:1:      shiori_arrival_maze, minmay_misc_feat_pillars
D:2:      grunt_dithmenos_smoke, minmay_snake_closets
D:3:      first_ration, hangedman_decor_points, uniq_robin

Skill      XL: |  1  2  3  4  5 |
---------------+----------------+-----
Stealth        | 3 4 5 6 |  6.0
Polearms       | 1 |  1.4
Fighting       | |  3.0
Long Blades    | |  3.0
Dodging        | |  3.9

Action                   |  1- 3 |  4- 6 || total
-------------------------+-------+-------++-------
Melee: Falchion          |    42 |    16 ||    58
       Constrict         |    13 |     8 ||    21
       Tentacles         |     6 |     2 ||     8
       Halberd           |       |    21 ||    21
  Use: Scroll            |       |     2 ||     2
 Stab: Sleeping          |    13 |     9 ||    22
       Distracted        |       |     1 ||     1
  Eat: Chunk             |     1 |       ||     1
       Ration            |       |     1 ||     1
Armor: Skin              |     4 |       ||     4
Dodge: Dodged            |    32 |    19 ||    51
       Rpst.: Falchion   |    15 |     3 ||    18

Table legend:
 A = Non-vault XP
 B = Vault XP
 C = Vault XP percentage of total XP
 D = Non-vault monster count
 E = Vault monster count
 F = Vault count percentage of total count
                 A         B        C        D         E       F
            +---------+---------+-------+---------+---------+-------
      Total |     117 |      83 |  41.5 |      35 |      15 |  30.0
            +---------+---------+-------+---------+---------+-------
        D:1 |      40 |       3 |   7.0 |      17 |       2 |  10.5
        D:2 |      55 |      74 |  57.4 |      12 |      10 |  45.5
        D:3 |      22 |       6 |  21.4 |       6 |       3 |  33.3
            +---------+---------+-------+---------+---------+-------
